 Dungeon Crawl Stone Soup version 0.28-a0-991-g956f0ee3d5 (webtiles) character file.

Game seed: 15808756169147378003

35 tilp the Chiller (level 3, 0/14 HPs)
             Began as a Felid Ice Elementalist on Dec 5, 2021.
             Killed from afar by Natasha (4 damage)
             ... with a magic dart
             ... on level 2 of the Dungeon.
             The game lasted 00:01:42 (1367 turns).

tilp the Chiller (Felid Ice Elementalist)           Turns: 1367, Time: 00:01:42

Health: 0/14       AC:  1    Str:  4    XL:     3   Next: 16%
Magic:  0/7        EV: 17    Int: 18    God:
Gold:   42         SH:  0    Dex: 16    Spells: 2/6 levels left
                                        Lives:  0   Deaths: 0

rFire   . . .      SeeInvis +     - Unarmed
rCold   . . .      Faith    .   (shield unavailable)
rNeg    . . .      Spirit   .   (armour unavailable)
rPois   .          Reflect  .   (helmet unavailable)
rElec   .          Harm     .   (cloak unavailable)
rCorr   .          Rampage  .   (gloves unavailable)
Will    .....                   (boots unavailable)
Stlth   ++........              (no amulet)
HPRegen 0.04/turn               (no ring)
MPRegen 0.10/turn               (no ring)

@: quick
A: very small, claws 1, fangs 3, see invisible, speed 1, shaggy fur 1, stealthy
paws, no weapons or thrown items, no armour, multi-lived
a: no special abilities


You were on level 2 of the Dungeon.
You visited 1 branch of the dungeon, and saw 2 of its levels.

You collected 42 gold pieces.

Inventory:

Scrolls
 b - a scroll of identify
 d - a scroll of torment {unknown}
Potions
 a - 2 potions of flight
 c - a potion of brilliance


   Skills:
 - Level 2.6 Dodging
 - Level 2.6 Stealth
 - Level 2.0 Unarmed Combat
 + Level 2.2 Spellcasting
 * Level 4.0 Ice Magic


You had 2 spell levels left.
You knew the following spells:

 Your Spells              Type           Power      Damage    Failure   Level
a - Freeze                Ice            64%        1d8       3%          1
b - Frozen Ramparts       Ice            32%        1d5       11%         3

Your spell library contained the following spells:

 Spells                   Type           Power      Damage    Failure   Level
 Sting                    Tmut/Pois      8%         1d3       19%         1
 Poisonous Vapours        Pois/Air       4%         N/A       26%         2
 Ozocubu's Armour         Ice            16%        N/A       11%         3
 Hailstorm                Conj/Ice       9%         3d4       61%         4
 Olgreb's Toxic Radiance  Pois           2%         N/A       87%         4


Dungeon Overview and Level Annotations

Branches:
Dungeon (2/15)

Altars:

Annotations:
D:2 Natasha


Innate Abilities, Weirdness & Mutations

You have sharp claws.
You have razor-sharp teeth.
You have supernaturally acute eyesight. (SInv)
You cover ground quickly. (Speed+)
You are covered in fur. (AC +1)
Your paws help you pounce on unaware monsters.
You are incapable of wielding weapons or throwing items.
You cannot wear armour.
You gain extra lives every three experience levels.


Message History

The wall freezes the jackal.
You kill the jackal!
The wall freezes the goblin.
The wall freezes the goblin.
The goblin closely misses you.
Casting: Frozen Ramparts (potentially lethal; 11% risk of failure)
Confirm with . or Enter, or press ? or * to list all spells.
Aiming: Freeze (safe; 3% risk of failure)
Press: ? - help, Shift-Dir - straight line, f - goblin
Aim: a goblin, wielding a +0 club (heavily wounded)
You freeze the goblin.
You kill the goblin!
Your Ice Magic skill increases to level 4!
Unknown command.
Natasha, Servant of Life and Death comes into view.
The frozen ramparts melt away.
A bat comes into view.
You scratch Natasha.
Natasha is lightly wounded.
Natasha claws you!
Ouch! That really hurt!
* * * LOW HITPOINT WARNING * * *
Unknown command.
Casting: Freeze (safe; 3% risk of failure)
Confirm with . or Enter, or press ? or * to list all spells.
Aiming: Freeze (safe; 3% risk of failure)
Press: ? - help, Shift-Dir - straight line, f - Natasha
Aim: Natasha (lightly wounded)
You freeze Natasha.
Natasha is heavily wounded.
Natasha closely misses you.
Casting: Freeze (safe; 3% risk of failure)
Confirm with . or Enter, or press ? or * to list all spells.
Aiming: Freeze (safe; 3% risk of failure)
Press: ? - help, Shift-Dir - straight line, f/p - Natasha
Aim: Natasha (heavily wounded)
You freeze Natasha.
Natasha is almost dead.
Natasha stares at you and mumbles some strange words.
The magic dart hits you.
You die...

### #.##.# ### #.##.# #.#
#.##.# ###. #.# #.##.#
.....###.#####.##.#
............#.##.#
#.#.###.###.#.##.########
#...)...h@......(........
....#.###.###.#.##.#######.
. .. ....................
... ###.#####.##.####.##.
... #.#####.##.####.## ..
#.........<....... .
..#####.##.####.## #.#
#.##.# #.#


You could see Natasha.

Vanquished Creatures
  2 dart slugs (D:1)
  A bat (D:1)
  4 endoplasms
  A giant cockroach (D:1)
  3 goblins
  A hobgoblin (D:1)
  2 jackals (D:2)
  A kobold (D:1)
  4 quokkas
  3 ball pythons (D:1)
  A frilled lizard (D:1)
  2 rats (D:1)
25 creatures vanquished.

Notes
Turn   | Place    | Note
-------+----------+-------------------------------------------
     0 | D:1      | tilp the Felid Ice Elementalist began the quest for the
                  | Orb.
     0 | D:1      | Reached XP level 1. HP: 7/7 MP: 4/4
    77 | D:1      | Found a faded altar of an unknown god.
    77 | D:1      | Noticed a tormentor
   156 | D:1      | Reached skill level 1 in Unarmed Combat
   264 | D:1      | Reached XP level 2. HP: 11/11 MP: 1/6
  1090 | D:2      | Reached XP level 3. HP: 4/14 MP: 5/7
  1094 | D:2      | Learned a level 3 spell: Frozen Ramparts
  1355 | D:2      | Reached skill level 4 in Ice Magic
  1355 | D:2      | Noticed Natasha
  1367 | D:2      | Killed from afar by Natasha

Illustrated notes

Levels and vault maps discovered:
D:1:      heliophobic_arrival_battle_scene, layout_basic,
          dreamdust_ecumenical_altar_sealed_demon, minmay_tall_x
D:2:      layout_basic, basic_altar, uniq_natasha

Skill      XL: |  1  2  3 |
---------------+----------+-----
Unarmed Combat | 1 2 |  2.0
Ice Magic      | 4 |  4.0
Dodging        | |  2.6
Stealth        | |  2.6
Spellcasting   | |  2.2

Action                   || total
-------------------------++-------
Melee: Unarmed           ||    22
       Bite              ||     1
 Cast: Freeze            ||    22
       Frozen Ramparts   ||     2
  Use: Scroll            ||     3
 Stab: Sleeping          ||     7
Armor: Skin              ||     3
Dodge: Dodged            ||    31

Table legend: (Time is in decaauts)
 A = Elapsed time spent in this place.
 B = Non-inter-level travel time spent in this place.
 C = Inter-level travel time spent in this place.
 D = Time resting spent in this place.
 E = Time spent auto-exploring this place.
 F = Levels seen in this place.
 G = Mean time per level.
                   A        B        C        D        E       F      G
               +--------+--------+--------+--------+--------+-----+--------+
         Total |   1259 |   1227 |     32 |    270 |    783 |   2 |  629.5 |
       Dungeon |   1259 |   1227 |     32 |    270 |    783 |   2 |  629.5 |
               +--------+--------+--------+--------+--------+-----+--------+

Top non-repeatable levels by time:
     D:1: 971 daAuts
     D:2: 288 daAuts
